TOP OF THE 1ST |
Kennesaw Jets batting - Pitching for Hammond Herons : RHP Ryunosuke Kurota
|
Pitching: RHP Ryunosuke Kurota
|
|
Batting: RHB José Luna
|
0-0: Called Strike 0-1: Foul Ball, location: 2F 0-2: Strikes out swinging
|
Batting: RHB Jason Hopdown
|
0-0: Swinging Strike 0-1: Foul Ball, location: 2F 0-2: Fly out, F8 (Flyball, 78M)
|
Batting: RHB José Leyva
|
0-0: Ball 1-0: Ball 2-0: Called Strike 2-1: Swinging Strike 2-2: Strikes out looking
|
Top of the 1st over - 0 run(s), 0 hit(s), 0 error(s), 0 left on base; Kennesaw 0 - Hammond 0 |
BOTTOM OF THE 1ST |
Hammond Herons batting - Pitching for Kennesaw Jets : LHP Osiris St. Brown
|
Pitching: LHP Osiris St. Brown
|
|
Batting: SHB Alex Mable
|
0-0: Ball 1-0: Ball 2-0: Fly out, F8 (Flyball, 8RD)
|
Batting: RHB Hirohisa Ogasawara
|
0-0: Swinging Strike 0-1: Foul Ball, location: 2F 0-2: Foul Ball, location: 2F 0-2: Strikes out looking
|
Batting: RHB Bill Rinck
|
0-0: Called Strike 0-1: TRIPLE (Flyball, 78D)
|
Batting: LHB Ramón Flores
|
0-0: Called Strike 0-1: Ball 1-1: Called Strike 1-2: Ground out 5-3 (Groundball, 5S)
|
Bottom of the 1st over - 0 run(s), 1 hit(s), 0 error(s), 1 left on base; Kennesaw 0 - Hammond 0 |
TOP OF THE 2ND |
Kennesaw Jets batting - Pitching for Hammond Herons : RHP Ryunosuke Kurota
|
Batting: RHB Renato Zuvic
|
0-0: Ball 1-0: Foul Ball, location: 2F 1-1: Fly out, F9 (Flyball, 9)
|
Batting: LHB Félix Calixto
|
0-0: Ball 1-0: Swinging Strike 1-1: Fly out, F7 (Flyball, 7)
|
Batting: RHB Bernardo Martínez
|
0-0: Ball 1-0: Foul Ball, location: 2F 1-1: Ball 2-1: Foul Ball, location: 2F 2-2: Strikes out looking
|
Top of the 2nd over - 0 run(s), 0 hit(s), 0 error(s), 0 left on base; Kennesaw 0 - Hammond 0 |
BOTTOM OF THE 2ND |
Hammond Herons batting - Pitching for Kennesaw Jets : LHP Osiris St. Brown
|
Batting: LHB Wilson López
|
0-0: Ball 1-0: Swinging Strike 1-1: Called Strike 1-2: Strikes out swinging
|
Batting: RHB Landon Edwards
|
0-0: Called Strike 0-1: Foul Ball, location: 2F 0-2: Strikes out looking
|
Batting: RHB Elijah Seymour
|
0-0: Ground out 6-3 (Groundball, 6)
|
Bottom of the 2nd over - 0 run(s), 0 hit(s), 0 error(s), 0 left on base; Kennesaw 0 - Hammond 0 |
TOP OF THE 3RD |
Kennesaw Jets batting - Pitching for Hammond Herons : RHP Ryunosuke Kurota
|
Batting: RHB Lester Kwiatkowski
|
0-0: Ball 1-0: Called Strike 1-1: Ball 2-1: Ground out 5-3 (Groundball, 56S)
|
Batting: RHB Gerardo Maldonado
|
0-0: Fly out, F8 (Flyball, 8LM)
|
Batting: RHB Diego Romero
|
0-0: Ball 1-0: Ball 2-0: Ball 3-0: Foul Ball, location: 2F 3-1: Foul Ball, location: 2F 3-2: Fly out, F8 (Flyball, 8RS)
|
Top of the 3rd over - 0 run(s), 0 hit(s), 0 error(s), 0 left on base; Kennesaw 0 - Hammond 0 |
BOTTOM OF THE 3RD |
Hammond Herons batting - Pitching for Kennesaw Jets : LHP Osiris St. Brown
|
Batting: RHB David Meléndez
|
0-0: Foul Ball, location: 2F 0-1: Swinging Strike 0-2: Ball 1-2: Ground out 5-3 (Groundball, 56S)
|
Batting: RHB Gomez Talone
|
0-0: Hit by Pitch
|
Batting: SHB Alex Mable
|
0-0: Called Strike 0-1: Fly out, F7 (Flyball, 7LM)
|
Batting: RHB Hirohisa Ogasawara
|
0-0: Fly out, F8 (Flyball, 8RM)
|
Bottom of the 3rd over - 0 run(s), 0 hit(s), 0 error(s), 1 left on base; Kennesaw 0 - Hammond 0 |
TOP OF THE 4TH |
Kennesaw Jets batting - Pitching for Hammond Herons : RHP Ryunosuke Kurota
|
Batting: RHB José Luna
|
0-0: Ball 1-0: Called Strike 1-1: Ball 2-1: Swinging Strike 2-2: Strikes out swinging, 2-3 out at first.
|
Batting: RHB Jason Hopdown
|
0-0: Called Strike 0-1: Called Strike 0-2: Ball 1-2: Strikes out swinging
|
Batting: RHB José Leyva
|
0-0: Foul Ball, location: 2F 0-1: Ball 1-1: SINGLE (Flyball, 78S) - OUT at second base trying to stretch hit.
|
Top of the 4th over - 0 run(s), 1 hit(s), 0 error(s), 0 left on base; Kennesaw 0 - Hammond 0 |
BOTTOM OF THE 4TH |
Hammond Herons batting - Pitching for Kennesaw Jets : LHP Osiris St. Brown
|
Batting: RHB Bill Rinck
|
0-0: Ball 1-0: Foul Ball, location: 2F 1-1: Foul Ball, location: 2F 1-2: Ball 2-2: Ball 3-2: Strikes out swinging
|
Batting: LHB Ramón Flores
|
0-0: Ball 1-0: Ball 2-0: Ground out U3 (Groundball, 3)
|
Batting: LHB Wilson López
|
0-0: Ball 1-0: Called Strike 1-1: Ball 2-1: Ball 3-1: Foul Ball, location: 2F 3-2: Strikes out swinging
|
Bottom of the 4th over - 0 run(s), 0 hit(s), 0 error(s), 0 left on base; Kennesaw 0 - Hammond 0 |
TOP OF THE 5TH |
Kennesaw Jets batting - Pitching for Hammond Herons : RHP Ryunosuke Kurota
|
Batting: RHB Renato Zuvic
|
0-0: Ball 1-0: SOLO HOME RUN (Flyball, 78D), Distance : 379 ft
|
Batting: LHB Félix Calixto
|
0-0: Called Strike 0-1: Foul Ball, location: 2F 0-2: Ball 1-2: Ball 2-2: Fly out, F7 (Flyball, 7LM)
|
Batting: RHB Bernardo Martínez
|
0-0: Called Strike 0-1: Ground out 6-3 (Groundball, 6M)
|
Batting: RHB Lester Kwiatkowski
|
0-0: Ball 1-0: Foul Ball, location: 2F 1-1: SINGLE (Flyball, 8RS)
|
Batting: RHB Gerardo Maldonado
|
0-0: Swinging Strike 0-1: Fielders Choice at 2nd, 4-6 (Groundball, 4)
|
Top of the 5th over - 1 run(s), 2 hit(s), 0 error(s), 0 left on base; Kennesaw 1 - Hammond 0 |
BOTTOM OF THE 5TH |
Hammond Herons batting - Pitching for Kennesaw Jets : LHP Osiris St. Brown
|
Batting: RHB Landon Edwards
|
0-0: Ground out 5-3 (Groundball, 56S)
|
Batting: RHB Elijah Seymour
|
0-0: Ball 1-0: Ball 2-0: SINGLE (Flyball, 9LM)
|
Batting: RHB David Meléndez
|
0-0: Grounds into double play, 4-6-3 (Groundball, 4)
|
Bottom of the 5th over - 0 run(s), 1 hit(s), 0 error(s), 0 left on base; Kennesaw 1 - Hammond 0 |
TOP OF THE 6TH |
Kennesaw Jets batting - Pitching for Hammond Herons : RHP Ryunosuke Kurota
|
Batting: RHB Diego Romero
|
0-0: Ball 1-0: Called Strike 1-1: Foul Ball, location: 2F 1-2: Foul Ball, location: 2F 1-2: Foul Ball, location: 2F 1-2: Ball 2-2: SINGLE (Groundball, 4MD)
|
Batting: RHB José Luna
|
0-0: Sac Bunt - play at first, batter OUT! 1-4 Diego Romero to second
|
Batting: RHB Jason Hopdown
|
0-0: Ball 1-0: Called Strike 1-1: Swinging Strike 1-2: Ball 2-2: Ball 3-2: Ground out 5-3 (Groundball, 56S) Diego Romero to third
|
Batting: RHB José Leyva
|
0-0: Ball 1-0: Ball 2-0: Ball 3-0: Called Strike 3-1: Base on Balls
|
Batting: RHB Renato Zuvic
|
0-0: Fielders Choice at 2nd, 6-4 (Groundball, 6)
|
Top of the 6th over - 0 run(s), 1 hit(s), 0 error(s), 1 left on base; Kennesaw 1 - Hammond 0 |
BOTTOM OF THE 6TH |
Hammond Herons batting - Pitching for Kennesaw Jets : LHP Osiris St. Brown
|
Batting: RHB Gomez Talone
|
0-0: Foul Ball, location: 2F 0-1: Ball 1-1: Ball 2-1: Swinging Strike 2-2: Ball 3-2: SINGLE (Line Drive, 78S)
|
Batting: SHB Alex Mable
|
0-0: Sac Bunt - play at first, batter OUT! 1-3 Gomez Talone to second
|
Batting: RHB Hirohisa Ogasawara
|
0-0: Ball 1-0: Ball 2-0: Called Strike 2-1: Ground out 6-3 (Groundball, 6)
|
Batting: RHB Bill Rinck
|
0-0: Ball 1-0: Foul Ball, location: 2F 1-1: Swinging Strike 1-2: Foul Ball, location: 2F 1-2: Fly out, F7 (Flyball, 7S)
|
Bottom of the 6th over - 0 run(s), 1 hit(s), 0 error(s), 1 left on base; Kennesaw 1 - Hammond 0 |
TOP OF THE 7TH |
Kennesaw Jets batting - Pitching for Hammond Herons : RHP Ryunosuke Kurota
|
Batting: LHB Félix Calixto
|
0-0: Ball 1-0: Ball 2-0: Ball 3-0: Base on Balls
|
Batting: RHB Bernardo Martínez
|
0-0: Ball 1-0: Sac Bunt - play at second, runner OUT! 5-6
|
Pinch Hitting: SHB Pat Sargent
|
0-0: Ball 1-0: Foul Ball, location: 2F 1-1: Called Strike Bernardo Martínez steals 2nd base 1-2: Foul Ball, location: 2F 1-2: Ball 2-2: Ball 3-2: Intentional Walk
|
Pinch Hitting: RHB Juan Moreno
|
0-0: Fly out, F8 (Flyball, 8LM)
|
Pinch Hitting: RHB Beau Murphy
|
0-0: Ball 1-0: Foul Ball, location: 2F 1-1: Called Strike 1-2: Fly out, F4 (Line Drive, 4)
|
Top of the 7th over - 0 run(s), 0 hit(s), 0 error(s), 2 left on base; Kennesaw 1 - Hammond 0 |
BOTTOM OF THE 7TH |
Hammond Herons batting - Pitching for Kennesaw Jets : LHP Osiris St. Brown
|
Now at 3B: Beau Murphy
|
|
Now at SS: Ernesto López
|
|
Now in CF: Omar Durán
|
|
Batting: LHB Ramón Flores
|
0-0: Called Strike 0-1: Ball 1-1: Foul Ball, location: 2F 1-2: Ball 2-2: Foul Ball, location: 2F 2-2: Foul Ball, location: 2F 2-2: Ball 3-2: Foul Ball, location: 2F 3-2: Ground out U3 (Groundball, 3)
|
Batting: LHB Wilson López
|
0-0: Ball 1-0: Foul Ball, location: 2F 1-1: Foul Ball, location: 2F 1-2: Ball 2-2: Strikes out swinging
|
Batting: RHB Landon Edwards
|
0-0: Called Strike 0-1: Swinging Strike 0-2: Fly out, F8 (Flyball, 78M)
|
Bottom of the 7th over - 0 run(s), 0 hit(s), 0 error(s), 0 left on base; Kennesaw 1 - Hammond 0 |
TOP OF THE 8TH |
Kennesaw Jets batting - Pitching for Hammond Herons : RHP Ryunosuke Kurota
|
Batting: RHB José Luna
|
0-0: Foul Ball, location: 2F 0-1: Ground out 3-1 (Groundball, 34)
|
Batting: RHB Jason Hopdown
|
0-0: SINGLE (Line Drive, 34D)
|
Batting: RHB José Leyva
|
0-0: Foul Ball, location: 2F 0-1: Ball 1-1: Fly out, F5 (Flyball, 56D)
|
Batting: RHB Renato Zuvic
|
0-0: Foul Ball, location: 2F 0-1: Ball 1-1: Fly out, F8 (Flyball, 8LS)
|
Top of the 8th over - 0 run(s), 1 hit(s), 0 error(s), 1 left on base; Kennesaw 1 - Hammond 0 |
BOTTOM OF THE 8TH |
Hammond Herons batting - Pitching for Kennesaw Jets : LHP Osiris St. Brown
|
Batting: RHB Elijah Seymour
|
0-0: Ball 1-0: Ground out 6-3 (Groundball, 6)
|
Batting: RHB David Meléndez
|
0-0: Called Strike 0-1: Foul Ball, location: 2F 0-2: Ball 1-2: Ball 2-2: Foul Ball, location: 2F 2-2: Foul Ball, location: 2F 2-2: Foul Ball, location: 2F 2-2: Ground out 6-3 (Groundball, 56)
|
Batting: RHB Gomez Talone
|
0-0: Foul Ball, location: 2F 0-1: Ball 1-1: Called Strike 1-2: Fly out, F9 (Flyball, 9)
|
Bottom of the 8th over - 0 run(s), 0 hit(s), 0 error(s), 0 left on base; Kennesaw 1 - Hammond 0 |
TOP OF THE 9TH |
Kennesaw Jets batting - Pitching for Hammond Herons : RHP Ryunosuke Kurota
|
Pitching: LHP Risto Hannila
|
|
Batting: LHB Félix Calixto
|
0-0: Ball 1-0: Swinging Strike 1-1: Ball 2-1: Foul Ball, location: 2F 2-2: Foul Ball, location: 2F 2-2: Strikes out looking
|
Batting: RHB Bernardo Martínez
|
0-0: Ball 1-0: Called Strike 1-1: Single, Error in OF, E9, batter to second base
|
Pinch Hitting: RHB Vic Richards
|
0-0: Intentional Walk
|
Pinch Hitting: RHB Mike Johnson
|
0-0: Swinging Strike 0-1: Ball 1-1: Ball 2-1: Swinging Strike 2-2: Strikes out swinging
|
Batting: RHB Beau Murphy
|
0-0: Called Strike 0-1: Called Strike 0-2: Ball 1-2: Foul Ball, location: 2F 1-2: Ball 2-2: Ball 3-2: Foul Ball, location: 2F 3-2: Strikes out swinging
|
Top of the 9th over - 0 run(s), 1 hit(s), 1 error(s), 2 left on base; Kennesaw 1 - Hammond 0 |
BOTTOM OF THE 9TH |
Hammond Herons batting - Pitching for Kennesaw Jets : LHP Osiris St. Brown
|
Now at SS: Mike Johnson
|
|
Now in CF: Manuel Márquez
|
|
Batting: SHB Alex Mable
|
0-0: Ball 1-0: Ball 2-0: Ball 3-0: Called Strike 3-1: Foul Ball, location: 2F 3-2: Fly out, F7 (Flyball, 78S)
|
Pinch Hitting: RHB John O'Neil
|
0-0: Called Strike 0-1: Ball 1-1: Foul Ball, location: 2F 1-2: Strikes out swinging
|
Pitching: RHP Jong-yun Chong
|
|
Batting: RHB Bill Rinck
|
0-0: Called Strike 0-1: Ball 1-1: Swinging Strike 1-2: SINGLE (Groundball, 4MS) (infield hit)
|
Batting: LHB Ramón Flores
|
0-0: Ball 1-0: Ball 2-0: Swinging Strike 2-1: Ball 3-1: Base on Balls Bill Rinck to second
|
Pinch Hitting: LHB Rubén Aracil
|
0-0: Foul Ball, location: 2F 0-1: Swinging Strike 0-2: Foul Ball, location: 2F 0-2: Ball 1-2: Ball 2-2: Ball 3-2: SINGLE (Line Drive, 6) Bill Rinck to third Ramón Flores to second Bill Rinck scores Ramón Flores to third
|
Pinch Hitting: RHB Héctor Rivera
|
0-0: Called Strike 0-1: SINGLE (Groundball, 56D) Ramón Flores scores
|
Thursday, August 10th, 2017 - OOTP Baseball 17.12 Build 75
|
|